 Dungeon Crawl Stone Soup version 0.23.2-30-g0e89c35649 (webtiles) character file.

Game seed: 14314866382879722563

33 senseless the Shield-Bearer (level 3, -2/33 HPs)
             Began as a Minotaur Fighter on June 13, 2019.
             Slain by Sigmund
             ... wielding a +0 scythe
              (9 damage)
             ... on level 2 of the Dungeon.
             The game lasted 00:03:05 (855 turns).

senseless the Shield-Bearer (Minotaur Fighter)       Turns: 855, Time: 00:03:06

Health: -2/33      AC:  7    Str: 25    XL:     3   Next: 12%
Magic:  2/2        EV: 13    Int:  5    God:
Gold:   95         SH: 11    Dex: 15    Spells: 2/2 levels left

rFire    . . .     SeeInvis .   a - +1 long sword
rCold    . . .     Gourm    .   c - +1 shield
rNeg     . . .     Faith    .   b - +0 scale mail
rPois    .         Spirit   .   (helmet restricted)
rElec    .         Reflect  .   (no cloak)
rCorr    +         Harm     .   (no gloves)
MR       .....                  (no boots)
Stlth    +.........             (no amulet)
HPRegen  0.11/turn              k - ring of resist corrosion
MPRegen  0.08/turn              (no ring)

@: mighty, agile
A: retaliatory headbutt, horns 2
a: no special abilities


You were on level 2 of the Dungeon.
You were not hungry.

You visited 1 branch of the dungeon, and saw 2 of its levels.

You collected 95 gold pieces.

Inventory:

Hand Weapons
 a - a +1 long sword (weapon)
Armour
 b - a +0 scale mail (worn)
 c - a +1 shield (worn)
Jewellery
 j - an uncursed ring of positive energy {unknown}
 k - a ring of resist corrosion (left hand)
Scrolls
 e - 2 scrolls of identify
 i - a scroll of amnesia {unknown}
 l - a scroll of fear {unknown}
Comestibles
 f - 3 rations
 h - 4 chunks of flesh


   Skills:
 + Level 4.0 Fighting
 + Level 2.9 Long Blades
 + Level 4.0 Armour
 * Level 0.9 Dodging
 + Level 4.1 Shields


You had 2 spell levels left.
You didn't know any spells.
Your spell library was empty.

Dungeon Overview and Level Annotations

Branches:
Dungeon (2/15)

Altars:

Annotations:
D:2 Sigmund


Innate Abilities, Weirdness & Mutations

You reflexively headbutt those who attack you in melee.
You have a pair of horns on your head.


Message History

You closely miss something.
Sigmund appears from thin air!
Reactivating autopickup.
You hit Sigmund but do no damage.
Sigmund points at you and mumbles some strange words.
The magic dart hits you.
* * * LOW HITPOINT WARNING * * *
You block Sigmund's attack.
It was a potion of agility.
You feel agile all of a sudden.
You feel very mighty all of a sudden. Sigmund closely misses you.
You closely miss Sigmund. Your headbutt misses Sigmund.
Sigmund hits you but does no damage.
You slash Sigmund! Your headbutt misses Sigmund.
Sigmund is moderately wounded.
Sigmund gestures wildly while chanting.
Sigmund flickers and vanishes!
Deactivating autopickup; reactivate with Ctrl-A.
You miss something. You headbutt something! Something hits you!
You die...

..# #.........# ##.######....##..
..###.........###..##.....#######
..................##..###.#
..###.............##.####.#
#.............##.....###..#
..###.........#..........##
..............#..........#
###...........#..{......## #
.##..........@.......# # .
#.....#.###..###### .
.##.###...##..## #.
##...........# ## #.#..##<###.# #
.....##.###.## ....###.........#
#................#.##
.......#######..[#..#


There were no monsters in sight!

Vanquished Creatures
  2 oozes
  A leopard gecko (D:1)
  3 bats
  2 giant cockroaches (D:1)
  A goblin (D:1)
  7 jackals (D:2)
  A kobold (D:1)
  A ball python (D:1)
  2 frilled lizards (D:1)
  A rat (D:1)
21 creatures vanquished.

Notes
Turn   | Place    | Note
-------+----------+-------------------------------------------
     0 | D:1      | senseless the Minotaur Fighter began the quest for the Orb.
     0 | D:1      | Reached XP level 1. HP: 19/19 MP: 0/0
   141 | D:1      | Reached XP level 2. HP: 27/27 MP: 1/1
   761 | D:2      | Reached XP level 3. HP: 32/33 MP: 2/2
   822 | D:2      | Noticed Sigmund
   855 | D:2      | Slain by Sigmund

Skill      XL: |  1  2  3 |
---------------+----------+-----
Armour         | 4 |  4.0
Shields        | 4 |  4.1
Fighting       | 4 |  4.0
Long Blades    | |  2.9
Dodging        | |  0.9

Action                   || total
-------------------------++-------
Melee: Long sword        ||    59
       Headbutt          ||     8
  Use: Scroll            ||     5
       Potion            ||     2
Armor: Scale mail        ||    25
Dodge: Dodged            ||    18
Block: Shield            ||    35
       Rpst.: Long sword ||     5
